 Dungeon Crawl Stone Soup version 0.27.0-1-g7a089689b8 (webtiles) character file.

Game seed: 8758070862711854391

12 trckry the Grasshopper (level 2, 0/29 HPs)
             Began as an Ogre Warper on Aug 16, 2021.
             Was a Follower of Okawaru.
             Slain by a gnoll (7 damage)
             ... on level 1 of the Dungeon.
             The game lasted 00:03:05 (1288 turns).

trckry the Grasshopper (Ogre Warper)                Turns: 1288, Time: 00:03:06

Health: 0/29       AC:  3    Str: 14    XL:     2   Next: 33%
Magic:  3/5        EV: 11    Int: 14    God:    Okawaru [*.....]
Gold:   63         SH:  0    Dex:  8    Spells: 5/5 levels left

rFire    . . .     SeeInvis .   a - +0 mace
rCold    . . .     Faith    .   (no shield)
rNeg     . . .     Spirit   .   b - +0 robe
rPois    .         Reflect  .   (helmet restricted)
rElec    .         Harm     .   (no cloak)
rCorr    .         Rampage  .   (gloves unavailable)
Will     .....                  (boots unavailable)
Stlth    ++........             (no amulet)
HPRegen  0.09/turn              (no ring)
MPRegen  0.09/turn              (no ring)

@: heroic
A: large, unfitting armour, tough skin 1
a: Renounce Religion, Heroism


You were on level 1 of the Dungeon.
You worshipped Okawaru.
Okawaru was aware of your devotion.
You visited 1 branch of the dungeon, and saw 2 of its levels.

You collected 63 gold pieces.

Inventory:

Hand Weapons
 a - a +0 mace (weapon)
Missiles
 d - 5 boomerangs of dispersal
 h - 27 poisoned darts (quivered)
Armour
 b - a +0 robe (worn)
Scrolls
 c - a scroll of blinking
 f - a scroll of identify {unknown}
 j - a scroll of magic mapping {unknown}
Potions
 e - a potion of curing {unknown}
 g - 2 potions of ambrosia {unknown}
 i - a potion of resistance {unknown}
 k - a potion of attraction {unknown}


   Skills:
 - Level 2.6(7.6) Fighting
 * Level 2.3(7.3) Maces & Flails
 - Level 1.0(6.0) Throwing
 - Level 2.1(7.1) Dodging
 - Level 2.4 Spellcasting
 + Level 2.8 Translocations
 + Level 0.6 Invocations


You had 5 spell levels left.
You didn't know any spells.
Your spell library contained the following spells:

 Spells                   Type           Power      Damage    Failure   Level
 Blink                    Tloc           N/A        N/A       11%         2
 Gell's Gravitas          Tloc           4%         N/A       21%         3
 Lesser Beckoning         Tloc           4%         N/A       21%         3
 Teleport Other           Tloc           9%         N/A       21%         3
 Manifold Assault         Tloc           9%         N/A       88%         5


Dungeon Overview and Level Annotations

Branches:
Dungeon (2/15)

Altars:
Okawaru


Innate Abilities, Weirdness & Mutations

You are too large for most types of armour.
You have tough skin. (AC +1)


Message History

You barely miss the bat.
The kobold shouts!
The bat hits you but does no damage.
You sock the bat!
You kill the bat!
Okawaru accepts your kill. The gnoll misses you.
A quokka comes into view.
The gnoll barely misses you. The gnoll hits you with a +0 spear.
There is a stone staircase leading up here.
You take 2 damage, and have 27/29 hp.
The gnoll closely misses you.
You climb upwards.
There is a stone staircase leading down here.
The gnoll barely misses you.
Throw: 29 darts (poison)
Press: ? - help, Q - select action, (/) - cycle Shift-Dir - straight line, f - gnoll
Aim: a gnoll, wielding a +0 spear (58% to hit)
You throw a poisoned dart.
The poisoned dart barely misses the gnoll.
The gnoll hits you from afar with a +0 spear.
You take 5 damage, and have 23/29 hp.
The gnoll hits you with a +0 spear.
You take 2 damage, and have 21/29 hp.
Throw: 28 darts (poison)
Press: ? - help, Q - select action, (/) - cycle Shift-Dir - straight line, f/p - gnoll
Aim: a gnoll, wielding a +0 spear (58% to hit)
You throw a poisoned dart.
The poisoned dart closely misses the gnoll.
The gnoll hits you with a +0 spear!
You take 9 damage, and have 12/29 hp.
MASSIVE DAMAGE!!
You hit the gnoll.
The gnoll is moderately wounded.
The gnoll hits you with a +0 spear.
* * * LOW HITPOINT WARNING * * *
You take 5 damage, and have 7/29 hp.
You gain the combat prowess of a mighty hero.
The gnoll hits you with a +0 spear!
You die...

########### #(...g@...#
#>#######.#
#.###.###.############
#.##.#.##............#
#.#.###.#.##########.#
#..## ##..# #.#
#.#.###.#.# #.♣♣
#.##.#.##.# ######♣♣.
#.###.###.#####...♣♣♣..


You could see a gnoll.

Vanquished Creatures
  2 endoplasms
  2 jackals (D:1)
  2 kobolds (D:1)
  A quokka (D:1)
  A ball python (D:1)
  2 bats
  2 rats
12 creatures vanquished.

Notes
Turn   | Place    | Note
-------+----------+-------------------------------------------
     0 | D:1      | trckry the Ogre Warper began the quest for the Orb.
     0 | D:1      | Reached XP level 1. HP: 22/22 MP: 3/3
   214 | D:1      | Found a faded altar of an unknown god.
   223 | D:1      | Became a worshipper of Warmaster Okawaru
   223 | D:1      | Reached * piety under Okawaru
   671 | D:1      | Reached XP level 2. HP: 11/29 MP: 5/5
  1288 | D:1      | Slain by a gnoll

Illustrated notes

Levels and vault maps discovered:
D:1:      ncdulo_smallfort, layout_loops_ring,
          shapermc_ecumenical_altar_totnotflames, roderic_serpentine_path
D:2:      layout_rooms, minmay_tromino_v4_b

Skill      XL: |  1 |
---------------+----+-----
Maces & Flails | 2 |  2.3
Fighting       | |  2.6
Throwing       | |  1.0
Dodging        | |  2.1
Spellcasting   | |  2.4
Translocations | |  2.8
Invocations    | |  0.6

Action                   || total
-------------------------++-------
Melee: Mace              ||    57
Throw: Dart              ||     2
Invok: Heroism           ||     1
Armor: Robe              ||    26
Dodge: Dodged            ||    40
